 Dungeon Crawl Stone Soup version 0.31.0-7-gf635a9b802 (webtiles) character file.

Game seed: 8584945613182903523

200 zenocrate the Sneak (level 5, -1/24 HPs)
             Began as a Vine Stalker Enchanter on Jan 23, 2024.
             Slain by an iguana (12 damage)
             ... on level 4 of the Dungeon.
             The game lasted 00:02:42 (1905 turns).

zenocrate the Sneak (Vine Stalker Enchanter)        Turns: 1905, Time: 00:02:43

Health: -1/24      AC:  5    Str: 10    XL:     5   Next: 79%
Magic:  0/9        EV: 13    Int: 15    God:
Gold:   169        SH:  0    Dex: 17    Spells: 0/8 levels left

rFire   . . .        b - +2 dagger (elec)
rCold   . . .        (no shield)
rNeg    . . .        j - +0 robe
rPois   .            (no helmet)
rElec   .            n - +2 cloak
rCorr   .            (no gloves)
SInv    .            (no boots)
Will    .....        (no amulet)
Stlth   +++          (no ring)
HPRegen 1.04/turn    (no ring)
MPRegen 0.11/turn

%: guardian spirit
@: no status effects
A: fangs 2, regeneration 1, magic shield, antimagic bite, no potion heal 2
a: no special abilities


You were on level 4 of the Dungeon.
You visited 1 branch of the dungeon, and saw 4 of its levels.

You collected 169 gold pieces.

Inventory:

Hand Weapons
 a - a +1 dagger
 b - a +2 dagger of electrocution (weapon)
 l - a +0 dagger of draining
Missiles
 q - 2 poisoned darts (quivered)
Armour
 j - a +0 robe (worn)
 n - a +2 cloak (worn)
Scrolls
 f - a scroll of enchant weapon {unknown}
 i - a scroll of identify {unknown}
 k - a scroll of noise {unknown}
 p - a scroll of acquirement {unknown}
Potions
 c - a potion of invisibility
 d - a potion of lignification {unknown}
 e - 2 potions of heal wounds {unknown}
 g - 4 potions of curing {unknown}
 h - a potion of degeneration {unknown}
 m - a potion of cancellation {unknown}
 o - a potion of magic {unknown}


   Skills:
 + Level 2.1 Short Blades
 + Level 1.3 Armour
 + Level 2.4 Dodging
 + Level 4.7 Stealth
 - Level 2.1 Spellcasting
 + Level 3.7 Hexes
 + Level 1.7 Ice Magic


You couldn't memorise any spells.
You knew the following spells:

 Your Spells              Type           Power      Damage    Failure   Level
a - Ensorcelled Hibernat  Hex/Ice        18%        N/A       11%         2
b - Confusing Touch       Hex            12%        N/A       14%         3
c - Tukima's Dance        Hex            12%        N/A       14%         3

Your spell library contained the following spells:

 Spells                   Type           Power      Damage    Failure   Level
 Dazzling Flash           Conj/Hex       14%        N/A       30%         3
 Blink                    Tloc           2%         N/A       32%         2
 Lesser Beckoning         Tloc           2%         N/A       32%         2
 Momentum Strike          Conj/Tloc      2%         3d8       32%         2


Dungeon Overview and Level Annotations

Branches:
Dungeon (4/15)
 Temple: D:4-7

Altars:
Ashenzari


Innate Abilities, Weirdness & Mutations

You have extremely sharp teeth.
Your natural rate of healing is unusually fast.
When hurt, damage is shared between your health and your magic reserves.
Your bite disrupts and absorbs the magic of your enemies.
Potions cannot restore your health.


Message History

Aiming: Ensorcelled Hibernation (safe; 11% risk of failure)
Press: ? - help, Shift-Dir - straight line, f/p - iguana
Aim: an iguana (lightly wounded, chance to affect: 51%)
The iguana resists with significant effort.
The iguana bites you!
* * * LOW HITPOINT WARNING * * *
Unknown command.
You aren't carrying any items that you can evoke.
Unknown command.
Okay, then.
Okay, then.
You hit the iguana. You bite the iguana, but do no damage.
The iguana is lightly wounded.
The iguana closely misses you.
Your magical contamination has completely faded away.
Unknown command.
You hit the iguana. You bite the iguana, but do no damage.
The iguana is lightly wounded.
The iguana closely misses you.
Unknown command.
You hit the iguana but do no damage. Your bite misses the iguana.
The iguana is lightly wounded.
The iguana closely misses you.
Unknown command.
You hit the iguana. You bite the iguana, but do no damage.
The iguana is moderately wounded.
The iguana bites you but does no damage.
Unknown command.
You hit the iguana but do no damage.
The iguana is moderately wounded.
The iguana closely misses you.
Unknown command.
You hit the iguana. Your bite misses the iguana.
The iguana is moderately wounded.
Unknown command.
You hit the iguana but do no damage. Your bite misses the iguana.
The iguana is moderately wounded.
The iguana bites you!
Ouch! That really hurt!
You die...

...........# ..
...........#..?.....
...........#........
........................
........................
........................
.......$................
......l@................
.......)................
.####........)..........
#...................
#.......#........###
#.......#.........#
#.......#.........##
...............###...
...............# #..#


You could see an iguana.

Vanquished Creatures
  2 orc priests
  An orc wizard (D:3)
  A mummy (D:4)
  2 adders (D:2)
  A dart slug (D:3)
  2 ribbon worms (D:3)
  6 orcs
  7 ball pythons
  7 endoplasms
  4 giant cockroaches
  7 goblins
  6 hobgoblins
  2 jackals (D:2)
  3 quokkas
  7 bats
  5 frilled lizards (D:1)
  2 hobgoblin zombies (D:4)
  4 kobolds
  A kobold zombie (D:4)
  An orc zombie (D:4)
  6 rats
77 creatures vanquished.

Notes
Turn   | Place    | Note
-------+----------+-------------------------------------------
     0 | D:1      | zenocrate the Vine Stalker Enchanter began the quest for
                  | the Orb.
     0 | D:1      | Reached XP level 1. HP: 9/9 MP: 4/4
    51 | D:1      | Reached skill level 1 in Short Blades
   123 | D:1      | Reached XP level 2. HP: 12/13 MP: 4/6
   145 | D:1      | Learned a level 2 spell: Ensorcelled Hibernation
   354 | D:1      | Reached skill level 4 in Stealth
   409 | D:1      | You fall into a shaft and drop 1 floor!
   417 | D:2      | Reached XP level 3. HP: 16/16 MP: 7/7
   421 | D:2      | Learned a level 3 spell: Confusing Touch
   893 | D:2      | Reached XP level 4. HP: 15/18 MP: 0/8
  1211 | D:3      | Found a faded altar of an unknown god.
  1239 | D:3      | Reached skill level 1 in Ice Magic
  1363 | D:3      | Reached skill level 1 in Armour
  1378 | D:3      | Reached XP level 5. HP: 9/24 MP: 0/9
  1597 | D:3      | Found a broken altar of Ashenzari.
  1685 | D:3      | Learned a level 3 spell: Tukima's Dance
  1751 | D:4      | Identified the +9 mace of the Foot {protect, rC+ rN+ rCorr
                  | Int-2}
  1905 | D:4      | Slain by an iguana

Illustrated notes

Levels and vault maps discovered:
D:1:      wander_arrival_fairy_ring, layout_loops_ring
D:2:      layout_rooms
D:3:      layout_rooms, mainiacjoe_overflow_surrounded_room,
          basic_ecumenical_altar
D:4:      layout_basic, minmay_mini_ossuary, uniq_crazy_yiuf_cottage,
          uniq_sigmund, uniq_blork_the_orc, uniq_duvessa

Skill      XL: |  1  2  3  4  5 |
---------------+----------------+-----
Short Blades   | 1 2 |  2.1
Stealth        | 4 |  4.7
Dodging        | 2 |  2.4
Ice Magic      | 1 |  1.7
Armour         | 1 |  1.3
Spellcasting   | |  2.1
Hexes          | |  3.7

Action                     |  1- 3 |  4- 6 || total
---------------------------+-------+-------++-------
  Melee: Dagger            |    86 |    78 ||   164
         Bite              |    10 |    22 ||    32
         Punch             |       |     2 ||     2
   Cast: Ensorcelled Hiber |     3 |     6 ||     9
         Confusing Touch   |       |     1 ||     1
    Use: Potion            |       |     1 ||     1
   Stab: Sleeping          |    15 |    10 ||    25
         Confused          |       |     1 ||     1
         Invisible         |       |     1 ||     1
 Armour: Robe              |    41 |    34 ||    75
  Dodge: Dodged            |    49 |    44 ||    93
